 Dungeon Crawl Stone Soup version 0.30.0-5-g1a98f26d00 (webtiles) character file.

Game seed: 9997916137501981063

1682 fozzywoppz the Covert (level 8, 0/36 HPs)
             Began as a Spriggan Enchanter on May 8, 2023.
             Slain by an orc warrior
             ... wielding a +0 mace
              (14 damage)
             ... on level 6 of the Dungeon.
             The game lasted 00:17:11 (5334 turns).

fozzywoppz the Covert (Spriggan Enchanter)          Turns: 5334, Time: 00:17:11

Health: 0/36       AC:  3    Str:  4    XL:     8   Next: 71%
Magic:  6/15       EV: 25    Int: 17    God:
Gold:   239        SH:  5    Dex: 23    Spells: 7/15 levels left

rFire   . . .        n - +5 dagger (pain)
rCold   . . .        (no shield)
rNeg    . . .        b - +1 robe
rPois   .            (helmet restricted)
rElec   .            (no cloak)
rCorr   .            (gloves unavailable)
SInv    +            (boots unavailable)
Will    +....        p - amulet of reflection
Stlth   +++++        A - +6 ring of dexterity
HPRegen 0.26/turn    (no ring)
MPRegen 0.14/turn

%: reflection
@: mighty, studying Armour, very quick
A: very small, no large weapons, unfitting armour, see invisible, speed 3
a: no special abilities


You were on level 6 of the Dungeon.
You visited 1 branch of the dungeon, and saw 7 of its levels.

You collected 239 gold pieces.

Inventory:

Hand Weapons
 g - a +1 short sword of venom
 l - a +2 dagger of protection
 n - a +5 dagger of pain (weapon)
Armour
 b - a +1 robe (worn)
 x - an orb of guile
Jewellery
 p - an amulet of reflection (around neck)
 A - a +6 ring of dexterity (left hand)
Scrolls
 d - a scroll of teleportation {unknown}
 e - a scroll of vulnerability {unknown}
 f - 5 scrolls of identify
 i - a scroll of enchant armour
 k - 2 scrolls of enchant weapon {unknown}
 o - 2 scrolls of blinking
 q - 4 scrolls of fear {unknown}
 u - a scroll of torment {unknown}
 v - a scroll of noise {unknown}
 y - a scroll of fog {unknown}
 z - a scroll of acquirement {unknown}
 C - a scroll of brand weapon {unknown}
 D - a scroll of immolation {unknown}
Potions
 a - a potion of flight {unknown}
 c - 2 potions of invisibility
 h - a potion of mutation {unknown}
 j - 2 potions of brilliance
 m - a potion of heal wounds {unknown}
 r - a potion of berserk rage {unknown}
 s - 2 potions of curing {unknown}
 t - 2 potions of might
 w - a potion of resistance {unknown}
 B - a potion of degeneration {unknown}


   Skills:
 - Level 0.2 Fighting
 + Level 6.6 Short Blades
 + Level 8.3 Dodging
 - Level 10.0 Stealth
 - Level 4.0 Spellcasting
 - Level 5.0 Hexes
 - Level 1.0 Ice Magic


You had 7 spell levels left.
You knew the following spells:

 Your Spells              Type           Power      Damage    Failure   Level
a - Ensorcelled Hibernat  Hex/Ice        26%        N/A       7%          2
b - Tukima's Dance        Hex            20%        N/A       6%          3
c - Confusing Touch       Hex            20%        N/A       6%          3

Your spell library contained the following spells:

 Spells                   Type           Power      Damage    Failure   Level
 Kiss of Death            Conj/Necr      12%        2d6       16%         1
 Dazzling Flash           Conj/Hex       22%        N/A       17%         3
 Inner Flame              Hex/Fire       11%        N/A       17%         3
 Cigotuvi's Dreadful Rot  Necr/Pois/Air  6%         N/A       24%         2
 Ignite Poison            Fire/Tmut/Pois 3%         N/A       43%         3
 Spider Form              Tmut/Pois      3%         N/A       43%         3
 Volatile Blastmotes      Fire/Tloc      6%         2d10      43%         3
 Anguish                  Hex/Necr       5%         N/A       50%         4
 Fulminant Prism          Conj/Hex       5%         3d7       50%         4
 Dispel Undead            Necr           3%         3d7       83%         4
 Iskenderun's Mystic Bla  Conj/Tloc      3%         2d3       83%         4
 Yara's Violent Unravell  Hex/Tmut       5%         3d4       83%         5
 Freezing Cloud           Conj/Ice/Air   2%         6-21      98%         5
 Blade Hands              Tmut           1%         N/A       99%         5
 Irradiate                Conj/Tmut      1%         3d12      99%         5
 Lee's Rapid Deconstruct  Erth           1%         3d4*      99%         5
 Dragon Form              Tmut           1%         N/A       100%        7
 Enfeeble                 Hex            10%        N/A       100%        7


Dungeon Overview and Level Annotations

Branches:
Dungeon (7/15)
 Temple: D:4-7

Altars:
Ashenzari
Cheibriados
Hepliaklqana
Nemelex Xobeh
Ru
Trog
Wu Jian


Innate Abilities, Weirdness & Mutations

You are very small and have problems with some larger weapons.
You are too small for most types of armour.
You have supernaturally acute eyesight. (SInv)
You cover ground extremely quickly. (Speed+++)


Message History

You hit the orc priest.
The orc priest is moderately wounded.
You block the orc priest's attack.
You hit the orc priest but do no damage.
The orc priest is moderately wounded.
The orc priest mumbles some strange prayers to Beogh against you.
Beogh smites you!
You closely miss the orc priest.
The orc priest is moderately wounded.
The orc priest mumbles some strange prayers to Beogh against you.
Beogh smites you!
It was a potion of might.
You feel very mighty all of a sudden.
You barely miss the orc priest.
The orc priest is moderately wounded.
You puncture the orc warrior!
The orc warrior is moderately wounded.
You hit the orc warrior.
The orc warrior is heavily wounded.
You hit the orc warrior.
The orc warrior is heavily wounded.
The orc warrior barely misses you.
You completely miss the orc warrior.
The orc warrior is heavily wounded.
The orc warrior completely misses you.
You closely miss the orc warrior.
The orc warrior is heavily wounded.
You barely miss the orc warrior.
The orc warrior is heavily wounded.
The orc priest calls upon Beogh to heal the orc warrior.
The orc warrior is healed somewhat.
You puncture the orc warrior!
The orc warrior is heavily wounded.
The orc warrior barely misses you.
The orc priest calls upon Beogh to heal the orc warrior.
The orc warrior is healed somewhat.
You closely miss the orc. You closely miss the orc.
The orc warrior hits you with a +0 mace!
You die...

###......................##
#...........##.........##..
#...............#'#...#....
#.........#.......#..#....≈
#........##.......#..#....≈
#..........###....#.#......
###....###.###....#.#..♣♣..
#......#ooo.......#....♣♣..
#......#.#@.........#......
#......#o#####...#### ....
#......#'# #...# ..≈≈
#.(.....oo.......# ≈≈
#........o......>+ .
#................#
#$...............#
.....$............
.................


You could see an orc warrior, an orc priest and an orc.

Vanquished Creatures
  A water moccasin (D:5)
  Pargi (D:3)
  3 ogres
  2 phantoms (D:5)
  6 scorpions
  3 bullfrogs
  A howler monkey (D:4)
  3 hounds
  An orc priest (D:5)
  Jessica (D:2)
  3 iguanas
  Terence (D:2)
  An orc wizard (D:4)
  9 adders
  3 white imps
  3 worms
  4 dart slugs
  7 orcs
  5 ball pythons
  12 bats
  A bat zombie (D:6)
  12 endoplasms
  6 giant cockroaches
  10 goblins
  5 hobgoblins
  3 jackals (D:1)
  6 kobolds
  2 quokkas
  2 frilled lizards
  7 rats
124 creatures vanquished.

Vanquished Creatures (others)
  A dancing weapon (D:6)
  An ufetubus (D:6)
2 creatures vanquished.

Grand Total: 126 creatures vanquished

Notes
Turn   | Place    | Note
-------+----------+-------------------------------------------
     0 | D:1      | fozzywoppz the Spriggan Enchanter began the quest for the
                  | Orb.
     0 | D:1      | Reached XP level 1. HP: 9/9 MP: 5/5
   208 | D:1      | Reached XP level 2. HP: 11/13 MP: 6/6
   211 | D:1      | Learned a level 2 spell: Ensorcelled Hibernation
   777 | D:1      | Reached skill level 5 in Stealth
   841 | D:2      | Noticed Jessica
   855 | D:2      | Reached XP level 3. HP: 7/16 MP: 2/8
   898 | D:2      | Killed Jessica
  1196 | D:2      | Noticed Terence
  1201 | D:2      | Killed Terence
  1202 | D:2      | Reached XP level 4. HP: 21/21 MP: 10/10
  1336 | D:2      | Reached skill level 1 in Ice Magic
  1356 | D:2      | Reached skill level 6 in Stealth
  1737 | D:3      | Learned a level 3 spell: Tukima's Dance
  1741 | D:3      | Learned a level 3 spell: Confusing Touch
  1840 | D:3      | Found a sparkling altar of Nemelex Xobeh.
  1860 | D:3      | Found a snail-covered altar of Cheibriados.
  1860 | D:3      | Noticed Pargi
  1894 | D:3      | Killed Pargi
  1895 | D:3      | Reached XP level 5. HP: 22/24 MP: 4/12
  2428 | D:4      | Reached XP level 6. HP: 15/28 MP: 10/13
  2437 | D:4      | Reached skill level 7 in Stealth
  2437 | D:4      | Reached skill level 5 in Hexes
  2805 | D:4      | You fall into a shaft and drop 3 floors!
  2806 | D:7      | Noticed an orc warrior
  2866 | D:6      | Reached skill level 5 in Dodging
  2866 | D:6      | Reached XP level 7. HP: 9/32 MP: 1/14
  3016 | D:6      | Reached skill level 8 in Stealth
  3074 | D:5      | Entered Level 5 of the Dungeon
  3523 | D:4      | Reached skill level 9 in Stealth
  4133 | D:5      | Reached skill level 5 in Short Blades
  4133 | D:5      | Reached XP level 8. HP: 36/36 MP: 12/15
  4427 | D:5      | Found a bloodstained altar of Trog.
  4569 | D:5      | Found a sacrificial altar of Ru.
  4700 | D:5      | Found a broken altar of Ashenzari.
  4777 | D:5      | Reached skill level 10 in Stealth
  4973 | D:5      | Found a hazy altar of Hepliaklqana.
  5199 | D:6      | Found an ornate altar of the Wu Jian Council.
  5334 | D:6      | Slain by an orc warrior

Illustrated notes

Levels and vault maps discovered:
D:1:      giann_horns, layout_basic, minmay_misc_feat_chi, grunt_decor_cap
D:2:      minmay_diamond_boxcup, layout_basic, minmay_diced_spiral,
          uniq_terence, uniq_jessica
D:3:      layout_basic, nemelex_xobeh_ov_fountains_minmay,
          mainiacjoe_overflow_small_starburst, chequers_garden, uniq_pargi
D:4:      old_forge, layout_loops_corners, minmay_manual_mail
D:5:      layout_loops_ring, nicolae_hepliaklqana_hippocampus,
          nicolae_ru_path_of_blood, overflow_temple_1_default,
          nicolae_ashenzari_panopticon, grunt_decor_junction
D:6:      layout_basic, lemuel_zombie_altar_kikubaaqudgha,
          nicolae_wu_jian_wuxing_cycle, serial_shops, nicolae_shop_trees,
          minmay_ruined_shrine
D:7:      layout_basic, xom_shifter_show, nicolae_vehumet_radiance,
          nicolae_overflow_crystal_walls, minmay_temple_entry_mist,
          dreamdust_princess_corridor, nicolae_figureground_pulse

Skill      XL: |  1  2  3  4  5  6  7  8 |
---------------+-------------------------+-----
Hexes          | 4 5 |  5.0
Spellcasting   | 3 4 |  4.0
Stealth        | 5 6 7 9 10 | 10.0
Dodging        | 3 4 5 6 8 |  8.3
Ice Magic      | 1 |  1.0
Short Blades   | 2 3 5 6 |  6.6
Fighting       | |  0.2

Action                     |  1- 3 |  4- 6 |  7- 9 || total
---------------------------+-------+-------+-------++-------
  Melee: Dagger            |    73 |   143 |   175 ||   391
         Short sword       |    17 |       |       ||    17
         Punch             |       |     1 |     2 ||     3
   Cast: Ensorcelled Hiber |    10 |    18 |    18 ||    46
         Confusing Touch   |       |     1 |     4 ||     5
         Tukima's Dance    |       |       |     5 ||     5
    Use: Scroll            |       |     3 |       ||     3
         Potion            |       |       |     1 ||     1
   Stab: Sleeping          |    11 |    19 |    19 ||    49
         Held in net/web   |       |       |     1 ||     1
         Confused          |       |       |     2 ||     2
 Armour: Robe              |    14 |    10 |    10 ||    34
  Dodge: Dodged            |    70 |   111 |   102 ||   283
  Block: Other             |     1 |    29 |    18 ||    48
         Orb               |       |     1 |       ||     1
